 Dungeon Crawl Stone Soup version 0.25-a0-341-g6f074c887a (webtiles) character file.

Game seed: 5513523305370512962, levelgen mode: deterministic

73 Chavier10 the Poker (level 4, 0/34 HPs)
             Began as a Demonspawn Gladiator on Dec 30, 2019.
             Succumbed to an orc's poison
             ... on level 4 of the Dungeon.
             The game lasted 00:10:02 (1955 turns).

Chavier10 the Poker (Demonspawn Gladiator)          Turns: 1955, Time: 00:10:02

Health: 0/34       AC: 17    Str: 15    XL:     4   Next: 8%
Magic:  4/4        EV:  7    Int:  7    God:
Gold:   82         SH:  0    Dex: 15    Spells: 3/3 levels left

rFire    + . .     SeeInvis +   t - +3 spear
rCold    . . .     Gourm    +   (no shield)
rNeg     . . .     Faith    .   i - +0 chain mail
rPois    .         Spirit   .   c - +0 helmet
rElec    .         Reflect  .   l - +1 cloak
rCorr    .         Harm     .   (no gloves)
MR       .....                  (no boots)
Stlth    ..........             g - amulet of the gourmand
HPRegen  0.11/turn              h - ring of protection from fire
MPRegen  0.09/turn              (no ring)

@: lethally poisoned (0 -> -25), sanguine armour, flying
A: hooves 1, see invisible, dopey 1, powered by death 1, wild magic 1, sanguine
armour 1
a: no special abilities


You were on level 4 of the Dungeon.
You were completely stuffed.

You visited 1 branch of the dungeon, and saw 4 of its levels.

You collected 82 gold pieces.

Inventory:

Hand Weapons
 a - a +1 trident
 j - a +0 club
 p - a cursed +0 spear
 t - a +3 spear (weapon)
Missiles
 d - 3 throwing nets (quivered)
 k - 14 poisoned darts
 m - 31 stones
 n - 21 arrows
Armour
 b - a +0 leather armour
 c - a +0 helmet (worn)
 e - a +0 leather armour
 i - a +0 chain mail (worn)
 l - a +1 cloak (worn)
Jewellery
 g - an amulet of the gourmand (around neck)
 h - a ring of protection from fire (left hand)
Scrolls
 q - a scroll of remove curse
 r - a scroll of identify
Comestibles
 f - a ration
 o - 3 chunks of flesh


   Skills:
 + Level 2.6 Fighting
 + Level 3.6 Polearms
 - Level 1.9 Throwing
 + Level 3.3 Dodging


You had 3 spell levels left.
You didn't know any spells.
Your spell library was empty.

Dungeon Overview and Level Annotations

Branches:
Dungeon (4/15)
 Temple: D:4-7

Altars:


Innate Abilities, Weirdness & Mutations

You have large cloven feet.
You regenerate a little health from kills.
When seriously injured, your bleeding wounds create armour. (AC +6)
You have supernaturally acute eyesight. (SInv)
You are dopey. (Int -2)
Your spells are a little harder to cast, but a little more powerful.


Message History

You hit the orc wizard. Your kick misses the orc wizard.
The orc wizard is moderately wounded.
* * * LOW HITPOINT WARNING * * *
You feel very sick.
The orc wizard hits you but does no damage.
The orc hits you but does no damage.
The orc wizard hits you but does no damage.
Some of the chunks of flesh in your inventory have rotted away.
You hit the orc wizard.
The orc wizard is heavily wounded.
* * * LOW HITPOINT WARNING * * *
You feel sick. The orc hits you but does no damage.
The orc wizard hits you but does no damage.
* * * LOW HITPOINT WARNING * * *
You feel sick.
The orc wizard gestures at you while chanting.
The puff of frost hits you.
* * * LOW HITPOINT WARNING * * *
You reach down and open the door.
You die...

#.............#
#.............#
#....##########
.###....####
...........########
.#####............#
#......o.....#
#.....o......#
#....@oo.....#
#####'######## ###


You could see 2 orc wizards and 2 orcs.

Vanquished Creatures
  Jessica (D:2)
  3 worms (D:2)
  2 dart slugs
  6 bats
  2 giant cockroaches (D:2)
  3 goblins
  6 hobgoblins
  2 kobolds
  A quokka (D:2)
  2 ball pythons (D:2)
  A frilled lizard (D:2)
  A jackal skeleton (D:4)
  5 rats
  2 plants (D:1)
37 creatures vanquished.

Notes
Turn   | Place    | Note
-------+----------+-------------------------------------------
     0 | D:1      | Chavier10 the Demonspawn Gladiator began the quest for the
                  | Orb.
     0 | D:1      | Reached XP level 1. HP: 16/16 MP: 1/1
   110 | D:1      | Gained mutation: You have large cloven feet. [demonic
                  | ancestry]
   110 | D:1      | Reached XP level 2. HP: 13/22 MP: 2/2
   714 | D:1      | Gained mutation: Your flesh is heat resistant. (rF+)
                  | [potion of mutation]
   714 | D:1      | Gained mutation: You have an increased reservoir of magic.
                  | (+10% MP) [potion of mutation]
   714 | D:1      | Lost mutation: You have an increased reservoir of magic.
                  | (+10% MP) [potion of mutation]
   714 | D:1      | Gained mutation: You have an increased reservoir of magic.
                  | (+10% MP) [potion of mutation]
  1404 | D:2      | Gained mutation: When seriously injured, your bleeding
                  | wounds create armour. (AC +6) [demonic ancestry]
  1404 | D:2      | Reached XP level 3. HP: 20/27 MP: 3/3
  1432 | D:2      | Noticed Jessica
  1438 | D:2      | Killed Jessica
  1538 | D:2      | Lost mutation: Your flesh is heat resistant. (rF+) [potion
                  | of mutation]
  1538 | D:2      | Lost mutation: You have an increased reservoir of magic.
                  | (+10% MP) [potion of mutation]
  1538 | D:2      | Gained mutation: You are dopey. (Int -2) [potion of
                  | mutation]
  1538 | D:2      | Gained mutation: You have supernaturally acute eyesight.
                  | (SInv) [potion of mutation]
  1538 | D:2      | Gained mutation: Your spells are a little harder to cast,
                  | but a little more powerful. [potion of mutation]
  1717 | D:2      | Gained mutation: You regenerate a little health from kills.
                  | [demonic ancestry]
  1717 | D:2      | Reached XP level 4. HP: 34/34 MP: 4/4
  1955 | D:4      | Succumbed to an orc's poison

Levels and vault maps discovered:
D:1:      psy_arrival_basics, layout_basic, serial_bayou_lagoon_a
D:2:      layout_basic, kennysheep_jessica_study
D:3:      minmay_goblin_kobold_castle, layout_loops_ring,
          lemuel_coloured_pillars_altar, nicolae_overflow_hidden_temple,
          xom_teletrap_fun, chequers_ecumenical_altar_lobes, first_ration,
          minmay_parallelograms, tso_metal_star
D:4:      layout_basic, grunt_gozag_statues, minmay_temple_entry_enclosed_plants

Skill      XL: |  1  2 |
---------------+-------+-----
Polearms       | 3 |  3.6
Dodging        | 3 |  3.3
Fighting       | |  2.6
Throwing       | |  1.9

Action                   |  1- 3 |  4- 6 || total
-------------------------+-------+-------++-------
Melee: Trident           |   205 |     5 ||   210
       Kick              |    73 |       ||    73
       Spear             |       |     6 ||     6
  Use: Scroll            |     7 |       ||     7
       Potion            |     6 |     1 ||     7
  Eat: Chunk             |    13 |     1 ||    14
Armor: Leather armour    |    11 |       ||    11
       Chain mail        |    50 |    15 ||    65
Dodge: Dodged            |    54 |     6 ||    60

Table legend:
 A = Non-vault XP
 B = Vault XP
 C = Vault XP percentage of total XP
 D = Non-vault monster count
 E = Vault monster count
 F = Vault count percentage of total count
                 A         B        C        D         E       F
            +---------+---------+-------+---------+---------+-------
      Total |      66 |      39 |  37.1 |      33 |       2 |   5.7
            +---------+---------+-------+---------+---------+-------
        D:1 |      22 |       0 |   0.0 |      13 |       0 |   0.0
        D:2 |      43 |      39 |  47.6 |      19 |       2 |   9.5
        D:4 |       1 |       0 |   0.0 |       1 |       0 |   0.0
            +---------+---------+-------+---------+---------+-------
